 Dungeon Crawl Stone Soup version 0.31-a0-175-g9f7f995f2b (webtiles) character file.

Game seed: 9735267957760847625

45 Moral the Cutter (level 3, -2/24 HPs)
             Began as a Kobold Berserker on June 17, 2023.
             Was a Believer of Trog.
             Slain by a gnoll
             ... wielding a +0 club
              (6 damage)
             ... on level 2 of the Dungeon.
             The game lasted 00:04:44 (1057 turns).

Moral the Cutter (Kobold Berserker)                 Turns: 1057, Time: 00:04:44

Health: -2/24      AC:  2    Str: 14    XL:     3   Next: 90%
Magic:  3/3        EV: 15    Int:  8    God:    Trog [**....]
Gold:   40         SH:  0    Dex: 16    Spells: 2/2 levels left

rFire   . . .        h - +0 dagger (venom)
rCold   . . .        (no shield)
rNeg    . . .        b - +0 animal skin
rPois   .            (no helmet)
rElec   .            (no cloak)
rCorr   .            (no gloves)
SInv    .            (no boots)
Will    .....        (no amulet)
Stlth   +++          (no ring)
HPRegen 0.24/turn    (no ring)
MPRegen 0.08/turn

%: no passive effects
@: no status effects
A: small, no large weapons, nightstalker 3
a: Renounce Religion, Berserk, Trog's Hand


You were on level 2 of the Dungeon.
You worshipped Trog.
Trog was pleased with you.
You visited 1 branch of the dungeon, and saw 2 of its levels.

You collected 40 gold pieces.

Inventory:

Hand Weapons
 h - a +0 dagger of venom (weapon)
Armour
 b - a +0 animal skin (worn)
Jewellery
 d - a +6 ring of dexterity
Scrolls
 a - a scroll of fear {unknown}
 c - a scroll of teleportation {unknown}
 i - a scroll of identify {unknown}
Potions
 e - a potion of attraction {unknown}
 f - 3 potions of curing {unknown}
 g - a potion of might {unknown}


   Skills:
 + Level 3.8 Fighting
 + Level 4.5 Short Blades
 - Level 1.5 Armour
 + Level 3.1 Dodging
 + Level 2.0 Stealth


You had 2 spell levels left.
You didn't know any spells.
Your spell library was empty.

Dungeon Overview and Level Annotations

Branches:
Dungeon (2/15)

Altars:


Innate Abilities, Weirdness & Mutations

You are small and have problems with some larger weapons.
You are completely attuned to the shadows.


Message History

The endoplasm is almost dead.
The endoplasm freezes you.
You are frozen.
* * * LOW HITPOINT WARNING * * *
You hit the endoplasm.
You kill the endoplasm!
Trog accepts your kill.
You start resting.
HP restored.
You strike the helpless worm from behind!
You puncture the worm!
The worm is severely wounded.
You hit the worm.
The worm is poisoned.
The worm is almost dead.
You kill the worm!
Trog accepts your kill.
Your Stealth skill increases to level 2!
You see here a +0 leather armour.
You now have 40 gold pieces (gained 9).
A gnoll comes into view.
It is wielding a +0 whip. 2 gnolls come into view.
The gnoll shouts! x3
You hit the gnoll.
The gnoll is lightly wounded.
The gnoll hits you but does no damage. The gnoll barely misses you.
The gnoll attacks as you move away! The gnoll barely misses you.
The gnoll attacks as you move away! The gnoll barely misses you.
You hit the gnoll.
The gnoll is poisoned.
The gnoll is lightly wounded.
You hit the gnoll but do no damage.
The gnoll is lightly wounded.
The gnoll hits you with a +0 club!
You closely miss the gnoll.
The gnoll is moderately wounded.
The gnoll hits you with a +0 club. The gnoll attacks as you move away!
The gnoll barely misses you. The gnoll attacks as you move away!
The gnoll hits you with a +0 club.
* * * LOW HITPOINT WARNING * * *
The gnoll attacks as you move away! The gnoll hits you with a +0 club.
You die...

#......................
#.#####################
#.#.†....# #.#.####.#
#.....##.# ###.#[##.#
#.#.##.# #.#....#### #
#...@gg.g.#.#
#########.#.#
#....gg....#
####........###
............#
............#
............### .
..............## #..
...............# #..#..


You could see 3 gnolls.

Vanquished Creatures
  A worm (D:2)
  2 dart slugs
  4 ball pythons (D:1)
  5 endoplasms
  3 giant cockroaches (D:1)
  2 goblins (D:1)
  2 hobgoblins (D:1)
  6 kobolds
  A quokka (D:1)
  3 bats
  2 frilled lizards
  4 rats (D:1)
35 creatures vanquished.

Notes
Turn   | Place    | Note
-------+----------+-------------------------------------------
     0 | D:1      | Moral the Kobold Berserker began the quest for the Orb.
     0 | D:1      | Reached XP level 1. HP: 14/14 MP: 1/1
    91 | D:1      | Reached XP level 2. HP: 19/19 MP: 2/2
   106 | D:1      | Reached skill level 1 in Stealth
   301 | D:1      | Reached XP level 3. HP: 23/23 MP: 3/3
   399 | D:1      | Reached ** piety under Trog
   443 | D:1      | Found a faded altar of an unknown god.
   666 | D:2      | Identified the +3 spear of the Big Bang {elec, Str+3}
  1057 | D:2      | Slain by a gnoll

Illustrated notes

Levels and vault maps discovered:
D:1:      scummos_arrival_hexagon, layout_rooms, shapermc_ecumenical_altar_petra
D:2:      layout_basic, chequers_serial_rivers_room_b

Skill      XL: |  1  2  3 |
---------------+----------+-----
Stealth        | 1 2 |  2.0
Dodging        | 3 |  3.1
Fighting       | |  3.8
Short Blades   | |  4.5
Armour         | |  1.5

Action                     || total
---------------------------++-------
  Melee: Short sword       ||    23
         Dagger            ||    35
         Spear             ||     7
   Stab: Sleeping          ||    22
         Distracted        ||     1
 Armour: Animal skin       ||     4
  Dodge: Dodged            ||    29

Table legend: (Time is in decaauts)
 A = Elapsed time spent in this place.
 B = Non-inter-level travel time spent in this place.
 C = Inter-level travel time spent in this place.
 D = Time resting spent in this place.
 E = Time spent auto-exploring this place.
 F = Levels seen in this place.
 G = Mean time per level.
                   A        B        C        D        E       F      G
               +--------+--------+--------+--------+--------+-----+--------+
         Total |   1043 |   1008 |     35 |     41 |    673 |   2 |  521.5 |
       Dungeon |   1043 |   1008 |     35 |     41 |    673 |   2 |  521.5 |
               +--------+--------+--------+--------+--------+-----+--------+

Top non-repeatable levels by time:
     D:1: 607 daAuts
     D:2: 436 daAuts
